Map: Prion Terraces

Players

OpFor

  • Race: Terran Terran
  • League: Platinum

LilDicky - Winner!

  • Race: Terran Terran
  • League: Diamond

VOD

http://www.twitch.tv/tumescentpie

Description

Time

  • Played on: Nov. 21, 2015, 10:39 p.m.
  • Length: 13:04
Show
View Real Time Build Order
Export as new Build Order

OpFor Terran 

Build Orders: Banshee Rush 

Get SALT Encoding   

  12  0:01  SCV  
  13  0:13  SCV  
  14  0:20  Supply Depot  
  14  0:25  SCV  
  15  0:32  Refinery  
  15  0:42  SCV  
  16  0:47  Barracks  
  16  0:54  SCV  
  17  1:02  Refinery  
  17  1:06  SCV  
  18  1:18  SCV  
  19  1:33  Orbital Command  
  19  1:34  Reaper  
  20  1:40  Factory  
  20  1:46  Supply Depot  
  20  1:59  SCV  
  21  2:06  Reaper  
  22  2:10  Supply Depot  
  22  2:17  SCV  
  23  2:24  Hellion  
  25  2:31  SCV  
  25  2:32  Starport  
  26  2:51  Barracks Reactor  
  26  2:52  Hellion  
  26  2:57  SCV  
  29  3:03  Engineering Bay  
  29  3:18  SCV  
  29  3:19  Starport Tech Lab  
  30  3:20  Hellion  
  32  3:40  SCV  
  32  3:41  Banshee, Cloaking Field  
  33  3:43  Marine x2  
  33  3:46  Missile Turret  
  37  4:13  SCV  
  38  4:18  Barracks Tech Lab  
  38  4:21  Command Center, Supply Depot  
  38  4:22  Hellion  
  39  4:42  Viking  
  39  4:43  Hellion  
  34  5:27  Hellion x2  
  37  5:43  Orbital Command  
  37  5:44  Viking  
  39  5:51  SCV  
  39  5:54  Hellion x2, Marine  
  45  6:03  SCV  
  46  6:22  Orbital Command  
  46  6:37  Factory  
  46  6:40  Starport Reactor  
  46  6:41  SCV  
  47  6:56  Command Center  
  47  6:58  Refinery  
  47  7:20  SCV x2  
  46  7:23  Refinery  
  46  7:31  Infernal Pre-Igniter  
  46  7:32  SCV x2, Missile Turret  
  43  8:02  SCV  
  37  8:13  Siege Tank  
  33  8:30  SCV  
  33  8:33  Hellion x2, Viking x2  
  31  8:45  SCV  
  33  8:53  Orbital Command  
  31  9:22  Hellion x3  
  33  9:38  Orbital Command  
  33  9:43  Hellion  
  35  9:48  Raven  
  37  10:09  SCV  
  37  10:10  SCV  
  37  10:11  Missile Turret  
  39  10:22  Hellion x2  
  43  10:32  SCV  
  44  10:38  Orbital Command  
  40  11:00  Hellion x2, Siege Tank  
  45  11:07  Missile Turret  
  45  11:09  SCV x3  
  45  11:10  Raven  
  32  11:34  SCV x2  
  32  11:44  SCV  
  32  11:46  SCV  
  29  12:05  Viking x2  
  29  12:06  Hellion x2  
  29  12:07  Siege Tank  
  40  12:08  SCV  
  40  12:18  SCV  
  40  12:19  Orbital Command  
  36  12:47  SCV  
  36  12:48  SCV  
Show
View Real Time Build Order
Export as new Build Order

LilDicky Terran - Winner!

Build Orders:  

Get SALT Encoding   

  12  0:02  SCV  
  13  0:15  SCV  
  13  0:20  Supply Depot  
  14  0:27  SCV  
  15  0:30  Refinery  
  15  0:42  SCV  
  16  0:45  Barracks  
  16  0:54  SCV  
  17  1:06  SCV  
  18  1:19  SCV  
  19  1:31  SCV  
  19  1:32  Marine  
  20  1:33  Supply Depot  
  20  1:39  Factory  
  21  1:43  Orbital Command  
  21  1:50  Marine  
  22  2:09  Refinery, Marine  
  22  2:11  SCV  
  24  2:22  Factory Reactor  
  24  2:24  SCV  
  25  2:31  Starport  
  25  2:35  Marine  
  25  2:36  SCV  
  27  2:53  SCV  
  27  2:57  Armory  
  27  2:58  Marine  
  29  3:00  Hellion  
  31  3:16  Supply Depot  
  31  3:18  Marine, Medivac  
  36  3:20  SCV, Hellion  
  36  3:21  Hellion  
  36  3:23  Supply Depot  
  39  3:40  SCV  
  42  3:41  Hellion  
  42  3:43  Hellion  
  42  3:44  Supply Depot  
  44  3:48  Medivac  
  50  4:10  Hellion x2  
  50  4:12  SCV  
  51  4:22  Starport Tech Lab  
  51  4:28  Command Center  
  51  4:29  SCV  
  51  4:30  Widow Mine  
  54  4:40  Engineering Bay  
  52  4:46  Marine  
  39  5:42  SCV  
  40  5:51  Marine  
  40  5:56  Missile Turret  
  41  5:58  Orbital Command  
  41  6:02  Missile Turret  
  41  6:08  Marine  
  38  6:19  Viking  
  38  6:22  SCV  
  39  6:26  Marine  
  39  6:29  Cloaking Field  
  39  6:31  Hellion x2  
  39  6:32  SCV  
  45  6:38  Starport  
  41  6:43  SCV  
  41  6:44  Marine  
  43  6:49  Command Center, Banshee  
  46  6:55  Terran Vehicle And Ship Armor Level 1  
  46  6:58  SCV  
  46  6:59  Armory  
  47  7:02  Marine  
  47  7:03  Hellion  
  47  7:04  Hellion  
  47  7:05  SCV  
  52  7:18  SCV  
  52  7:19  Refinery x2  
  53  7:24  SCV  
  54  7:30  SCV  
  54  7:32  Banshee  
  54  7:36  Hellion x2  
  56  7:58  Hellion x2  
  55  8:15  Banshee  
  57  8:21  Hellion  
  54  8:27  Hellion  
  56  8:35  SCV x2  
  56  8:38  Starport Reactor  
  56  8:39  Viking  
  58  8:43  Orbital Command  
  58  8:47  SCV x2  
  60  8:52  Command Center  
  60  8:58  Banshee  
  59  9:05  SCV x2  
  63  9:12  Starport Reactor  
  63  9:16  Barracks  
  61  9:17  Terran Vehicle And Ship Armor Level 2, Barracks  
  61  9:19  Barracks, Terran Ship Weapons Level 1  
  61  9:20  Supply Depot  
  61  9:22  Supply Depot  
  56  9:38  Hellion x2  
  54  9:40  Marine  
  54  9:41  Banshee  
  54  9:45  SCV  
  56  9:49  SCV x2  
  58  9:57  SCV  
  56  10:01  Viking  
  56  10:02  Viking  
  56  10:04  Hellion x2  
  62  10:09  Missile Turret  
  62  10:13  Planetary Fortress  
  62  10:16  SCV  
  63  10:21  Refinery x2  
  63  10:23  Barracks Reactor  
  63  10:24  Barracks Tech Lab x3  
  63  10:25  Hellion  
  63  10:27  Command Center  
  65  10:33  SCV  
  65  10:34  SCV  
  67  10:38  SCV  
  67  10:39  Banshee  
  67  10:40  Viking  
  67  10:41  Viking  
  75  10:49  Marine  
  71  10:50  Combat Shields, Marine  
  71  10:51  Stimpack  
  69  11:02  Factory  
  69  11:07  SCV x2  
  69  11:08  Factory Tech Lab  
  69  11:09  SCV  
  69  11:10  SCV, Viking  
  75  11:17  Viking  
  75  11:18  Missile Turret  
  77  11:19  SCV  
  77  11:22  Viking  
  69  11:40  Viking  
  66  11:56  Missile Turret  
  65  12:10  SCV x2  
  65  12:11  SCV x2  
  65  12:13  Planetary Fortress  
  69  12:16  Missile Turret, Marine x4  
  69  12:18  Siege Tank  
  69  12:21  Hellion x2  
  80  12:22  SCV  
Tags
 
Add a new tag
Caveats
  • Supply blocks, unpowered buildings, or Contaminate may cause inaccurate times.
  • Supply counts are checked every 10 seconds.